 Dungeon Crawl Stone Soup version 0.28.0-53-g5a82cb258f (webtiles) character file.

Game seed: 4457923021412230328

49 ChrisAssaf the Bolt Thrower (level 3, -3/33 HPs)
             Began as a Naga Hunter on May 21, 2022.
             Slain by a hobgoblin (4 damage)
             ... led by Robin
             ... on level 2 of the Dungeon.
             The game lasted 00:07:02 (741 turns).

ChrisAssaf the Bolt Thrower (Naga Hunter)            Turns: 741, Time: 00:07:02

Health: -3/33      AC:  2    Str: 14    XL:     3   Next: 75%
Magic:  3/3        EV:  9    Int: 11    God:
Gold:   27         SH:  0    Dex: 13    Spells: 2/2 levels left

rFire   . . .      SeeInvis +   g - +0 dagger (distort)
rCold   . . .      Faith    .   (no shield)
rNeg    . . .      Spirit   .   c - +0 leather armour
rPois   +          Reflect  .   (no helmet)
rElec   .          Harm     .   (no cloak)
rCorr   .          Rampage  .   (no gloves)
Will    .....                   (no barding)
Stlth   ++........              (no amulet)
HPRegen 0.11/turn               (no ring)
MPRegen 0.08/turn               (no ring)

@: very slow
A: AC +1, large, see invisible, deformed body, poison resistance, slowness 2,
spit poison 1, naga tail 1
a: Spit Poison


You were on level 2 of the Dungeon.
You visited 1 branch of the dungeon, and saw 2 of its levels.

You collected 27 gold pieces.

Inventory:

Hand Weapons
 a - a +1 hand crossbow
 b - a +0 short sword
 g - a +0 dagger of distortion (weapon)
Missiles
 d - 19 bolts
 f - 25 sling bullets
 h - a poisoned dart
 j - 2 javelins (quivered)
Armour
 c - a +0 leather armour (worn)
Jewellery
 k - a +6 ring of dexterity
Potions
 e - a potion of mutation {unknown}


   Skills:
 * Level 2.3 Fighting
 * Level 0.2 Short Blades
 * Level 4.3 Crossbows
 * Level 0.1 Throwing
 * Level 0.2 Armour
 * Level 1.7 Dodging
 * Level 2.0 Stealth
 * Level 0.3 Spellcasting


You had 2 spell levels left.
You didn't know any spells.
Your spell library was empty.

Dungeon Overview and Level Annotations

Branches:
Dungeon (2/15)

Altars:

Annotations:
D:2 Robin


Innate Abilities, Weirdness & Mutations

Your serpentine skin is tough. (AC +1)
You have supernaturally acute eyesight. (SInv)
Armour fits poorly on your strangely shaped body.
Your system is resistant to poisons. (rPois)
You cover ground very slowly.
You can spit poison.
You have a snake-like lower body.


Message History

* * * LOW HITPOINT WARNING * * *
You feel much better. The goblin barely misses you.
The goblin hits you with a +0 club.
You have got your breath back.
Robin closely misses you. The goblin hits you with a +0 club.
You see here a hobgoblin corpse.
Robin hits you from afar with a +0 spear.
The hobgoblin closely misses you.
Aiming: Spit Poison (2% risk of failure)
Press: ? - help, Shift-Dir - straight line, f/p - Robin
Aim: Robin, wielding a +0 spear, wearing a +0 animal skin and wearing a +0 helmet (heavily wounded, 70% to hit)
The splash of poison hits the hobgoblin.
The hobgoblin is moderately wounded.
Robin flexes a bicep menacingly.
Robin throws the goblin at you! The hobgoblin hits you.
You closely miss the goblin. The goblin barely misses you.
The goblin hits you but does no damage.
Robin hits you from afar with a +0 spear.
The hobgoblin barely misses you.
You hit the goblin.
Space warps around the goblin.
You kill the goblin!
The goblin hits you from afar with a +0 spear.
Robin hits you from afar with a +0 spear.
* * * LOW HITPOINT WARNING * * *
The hobgoblin hits you.
* * * LOW HITPOINT WARNING * * *
The goblin no longer looks unusually strong.
The hobgoblin no longer looks unusually strong.
Robin throws the goblin at you!
* * * LOW HITPOINT WARNING * * *
You see here a +0 club.
You have got your breath back.
The goblin hits you but does no damage. x2
The hobgoblin hits you.
* * * LOW HITPOINT WARNING * * *
Robin roars a battlecry!
The goblins go into a battle-frenzy!
Robin roars a battlecry!
The hobgoblin hits you.
You die...

#.....# #<#.##.... ..
#.....# .....#.. #.#
#.....#.###....# #..#
#.....#........# #...##
#.....#####...###.....#.
..
##..#.†......#..#.......
... #..##......#)...#...#
# ....
#g..g......#...†.##....
....###)##g@..<..........#
......#.##.......#########
##..#.#g##########
..........# ....#.#.#g#
.......)#g## ##.#..#.#..##
# #(.#.#...###
#.g#..†.....


You could see Robin, a hobgoblin (strong) and a goblin (strong).

Vanquished Creatures
  2 dart slugs
  2 endoplasms (D:1)
  5 giant cockroaches
  6 goblins
  5 hobgoblins
  5 kobolds
  A quokka (D:1)
  5 ball pythons
  A bat (D:2)
  4 frilled lizards
  5 rats
41 creatures vanquished.

Notes
Turn   | Place    | Note
-------+----------+-------------------------------------------
     0 | D:1      | ChrisAssaf the Naga Hunter began the quest for the Orb.
     0 | D:1      | Reached XP level 1. HP: 19/19 MP: 1/1
    85 | D:1      | Reached skill level 4 in Crossbows
    85 | D:1      | Reached XP level 2. HP: 21/26 MP: 2/2
   462 | D:1      | Reached XP level 3. HP: 32/32 MP: 3/3
   660 | D:2      | Noticed Robin
   737 | D:2      | HP: 1/33 [Robin/goblin (3)]
   741 | D:2      | Slain by a hobgoblin

Illustrated notes

Levels and vault maps discovered:
D:1:      giann_horns, layout_rooms
D:2:      layout_basic, shapermc_ecumenical_altar_acropolis,
          chequers_hall_statues_wall_a, minmay_misc_feat_chi,
          minmay_box_of_dots, uniq_robin

Skill      XL: |  1  2  3 |
---------------+----------+-----
Crossbows      | 4 |  4.3
Stealth        | 2 |  2.0
Fighting       | |  2.3
Short Blades   | |  0.2
Throwing       | |  0.1
Armour         | |  0.2
Dodging        | |  1.7
Spellcasting   | |  0.3

Action                   || total
-------------------------++-------
Melee: Dagger            ||    32
 Fire: Hand crossbow     ||     6
Throw: Dart              ||     6
       Javelin           ||     3
 Abil: Spit Poison       ||    35
  Use: Scroll            ||     4
       Potion            ||     2
 Stab: Sleeping          ||     2
Armor: Leather armour    ||    11
Dodge: Dodged            ||    25
